 Dungeon Crawl Stone Soup version 0.21.0-3-g78d12a8 (webtiles) character file.

210 Ignatius881 the Conjurer (level 5, -3/37 HPs)
             Began as a Gnoll Conjurer on Jan 11, 2018.
             Slain by a quokka (4 damage)
             ... on level 2 of the Dungeon.
             The game lasted 00:11:09 (3550 turns).

Ignatius881 the Conjurer (Gnoll Conjurer)           Turns: 3550, Time: 00:11:10

Health: -3/37      AC:  2    Str: 10    XL:     5   Next: 88%
Magic:  1/12       EV: 15    Int: 18    God:
Gold:   39         SH:  0    Dex: 16    Spells: 2/14 levels left

rFire    . . .     SeeInvis .   f - +0 club
rCold    . . .     Gourm    .   (no shield)
rNeg     . . .     Faith    .   a - +0 robe
rPois    .         Spirit   .   (no helmet)
rElec    .         Reflect  .   (no cloak)
rCorr    .         Harm     .   (no gloves)
MR       .....                  (no boots)
Stlth    +++.......             (no amulet)
HPRegen  0.12/turn              (no ring)
MPRegen  0.13/turn              (no ring)

@: no status effects
A: distributed training, fangs 1, strong nose
a: no special abilities


You were on level 2 of the Dungeon.
You were hungry.

You visited 1 branch of the dungeon, and saw 3 of its levels.

You collected 39 gold pieces.

Inventory:

Hand Weapons
 f - a +0 club (weapon)
   (You took it off a goblin on level 1 of the Dungeon)
 v - a +2 hand axe of flaming
   (You found it on level 2 of the Dungeon)
Missiles
 k - 118 stones (quivered)
 u - a throwing net {!f}
Armour
 a - a +0 robe (worn)
 b - a cursed +0 helmet
   (You took it off Robin on level 2 of the Dungeon)
 i - a +0 pair of gloves
   (You found it on level 1 of the Dungeon)
 s - a +0 cloak
   (You found it on level 2 of the Dungeon)
Jewellery
 h - a cursed -2 ring of evasion {unknown}
   (You found it on level 1 of the Dungeon)
 p - a cursed -2 ring of dexterity {unknown}
   (You took it off a goblin on level 2 of the Dungeon)
Wands
 n - a wand of polymorph (12)
   (You took it off Robin on level 2 of the Dungeon)
Scrolls
 d - a scroll of fog {unknown}
 g - a scroll of enchant weapon
 m - a scroll of teleportation {unknown}
 r - a scroll of enchant armour {unknown}
 t - a scroll of remove curse {unknown}
Potions
 j - a potion of curing {unknown}
 l - a potion of might {unknown}
Books
 e - a book of Conjurations
 q - a book of Cantrips
   (You found it on level 2 of the Dungeon)
Comestibles
 c - 4 rations


   Skills:
 + Level 1.6 Fighting
 + Level 1.6 Short Blades
 + Level 1.6 Long Blades
 + Level 1.6 Axes
 + Level 1.6 Maces & Flails
 + Level 1.6 Polearms
 + Level 1.6 Staves
 + Level 1.6 Slings
 + Level 1.6 Bows
 + Level 1.6 Crossbows
 + Level 1.6 Throwing
 + Level 1.6 Armour
 + Level 4.8 Dodging
 + Level 4.4 Stealth
 + Level 1.6 Shields
 + Level 1.6 Unarmed Combat
 + Level 5.2 Spellcasting
 + Level 7.2 Conjurations
 + Level 1.3 Hexes
 + Level 1.3 Charms
 + Level 1.3 Summonings
 + Level 1.3 Necromancy
 + Level 1.3 Translocations
 + Level 1.3 Transmutations
 + Level 1.3 Fire Magic
 + Level 1.3 Ice Magic
 + Level 1.3 Air Magic
 + Level 1.3 Earth Magic
 + Level 1.3 Poison Magic
 + Level 1.8 Invocations
 + Level 1.6 Evocations


You had 2 spell levels left.
You knew the following spells:

 Your Spells              Type           Power        Failure   Level  Hunger
a - Magic Dart            Conj           ####         1%          1    None
b - Searing Ray           Conj           ####..       1%          2    #......
c - Iskenderun's Mystic   Conj           ####....     6%          4    ####...
d - Fulminant Prism       Conj/Hex       ###.......   22%         4    ####...
e - Summon Small Mammal   Summ           #...         8%          1    None


Dungeon Overview and Level Annotations

Branches:
Dungeon (3/15)

Altars:
Nemelex Xobeh


Innate Abilities, Weirdness & Mutations

Your experience applies equally to all skills.
You have very sharp teeth.
Your uncanny sense of smell can sniff out nearby items.


Message History

Aim: an orc, wielding a short sword and wearing a scale mail The searing ray hits the orc. (Press . to maintain the ray.)
The orc hits you with a short sword. The orc hits you with a whip.
Aim: an orc, wielding a short sword and wearing a scale mail (heavily wounded)
The magic dart hits the orc.
You kill the orc!
The orc closely misses you.
Aim: an orc, wielding a mace and wearing a ring mail The searing ray misses the orc. (Press . to maintain the ray.)
The orc hits you with a mace! The orc barely misses you.
The searing ray hits the orc.
The orc hits you with a mace. The orc closely misses you.
A leopard gecko comes into view.
The searing ray hits the orc.
The orc hits you but does no damage. The orc misses you.
The quokka barely misses you.
The searing ray hits the orc.
You kill the orc!
You finish channeling your searing ray.
The gnoll hits you.
* * * LOW HITPOINT WARNING * * *
The quokka barely misses you. The orc misses you.
The quokka closely misses you. The gnoll barely misses you.
The orc closely misses you.
You climb upwards.
There is a stone staircase leading down here.
Aim: an orc, wielding a whip and wearing a leather armour The magic dart hits the orc.
The gnoll completely misses you. The orc closely misses you.
Aim: an orc, wielding a whip and wearing a leather armour (moderately wounded)
The magic dart hits the orc.
You kill the orc!
The gnoll closely misses you.
Aim: a quokka The magic dart hits the quokka.
The quokka barely misses you. The gnoll hits you.
* * * LOW HITPOINT WARNING * * *
You barely miss the gnoll. The quokka bites you.
* * * LOW HITPOINT WARNING * * *
The gnoll closely misses you. The quokka closely misses you.
Aim: a quokka (moderately wounded)
The magic dart hits the quokka.
The gnoll hits you.
* * * LOW HITPOINT WARNING * * *
The quokka completely misses you.
You hit the gnoll but do no damage. The quokka bites you.
* * * LOW HITPOINT WARNING * * *
The gnoll hits you.
* * * LOW HITPOINT WARNING * * *
You hit the gnoll. You bite the gnoll, but do no damage. The quokka bites you.
You die...

##### ....# #########
.##.# #.....r@#
#.#.######.#####g#
##............##.#
#.#.######.##.##.###
.##.# #.......))# ....#
#########.#### .####
#....)..# ..###
#.##.##.#
#...###########.##.##.#


You could see a gnoll and a quokka.

Vanquished Creatures
  A crimson imp (D:2)
  An orc priest (D:2)
  Terence (D:2)
  Robin (D:2)
  5 adders
  2 leopard geckos (D:1)
  4 orcs
  11 goblins
  10 hobgoblins
  10 bats
  3 frilled lizards
  7 kobolds
  7 rats
63 creatures vanquished.

Vanquished Creatures (collateral kills)
  A bat (D:2)
1 creature vanquished.

Grand Total: 64 creatures vanquished

Notes
Turn   | Place    | Note
-------+----------+-------------------------------------------
     0 | D:1      | Ignatius881 the Gnoll Conjurer began the quest for the Orb.
     0 | D:1      | Reached XP level 1. HP: 13/13 MP: 6/6
   331 | D:1      | Reached XP level 2. HP: 19/19 MP: 4/7
   363 | D:1      | Learned a level 2 spell: Searing Ray
   791 | D:1      | Found a sparkling altar of Nemelex Xobeh.
   988 | D:1      | Reached XP level 3. HP: 25/25 MP: 3/9
  1256 | D:2      | Reached skill level 5 in Spellcasting
  1339 | D:2      | Reached skill level 1 in Invocations
  1418 | D:1      | Reached skill level 1 in Fighting
  1418 | D:1      | Reached skill level 1 in Short Blades
  1418 | D:1      | Reached skill level 1 in Long Blades
  1418 | D:1      | Reached skill level 1 in Axes
  1418 | D:1      | Reached skill level 1 in Maces & Flails
  1418 | D:1      | Reached skill level 1 in Polearms
  1418 | D:1      | Reached skill level 1 in Staves
  1418 | D:1      | Reached skill level 1 in Slings
  1418 | D:1      | Reached skill level 1 in Bows
  1418 | D:1      | Reached skill level 1 in Crossbows
  1418 | D:1      | Reached skill level 1 in Throwing
  1418 | D:1      | Reached skill level 1 in Armour
  1418 | D:1      | Reached skill level 1 in Shields
  1418 | D:1      | Reached skill level 1 in Unarmed Combat
  1418 | D:1      | Reached skill level 1 in Evocations
  1752 | D:2      | Reached XP level 4. HP: 32/32 MP: 8/11
  1798 | D:2      | Learned a level 4 spell: Iskenderun's Mystic Blast
  1803 | D:2      | Learned a level 4 spell: Fulminant Prism
  1837 | D:2      | Noticed Terence
  1862 | D:2      | Noticed Robin
  2278 | D:2      | Reached skill level 1 in Hexes
  2278 | D:2      | Reached skill level 1 in Charms
  2278 | D:2      | Reached skill level 1 in Summonings
  2278 | D:2      | Reached skill level 1 in Necromancy
  2278 | D:2      | Reached skill level 1 in Translocations
  2278 | D:2      | Reached skill level 1 in Transmutations
  2278 | D:2      | Reached skill level 1 in Fire Magic
  2278 | D:2      | Reached skill level 1 in Ice Magic
  2278 | D:2      | Reached skill level 1 in Air Magic
  2278 | D:2      | Reached skill level 1 in Earth Magic
  2278 | D:2      | Reached skill level 1 in Poison Magic
  2318 | D:2      | Killed Robin
  2443 | D:2      | Learned a level 1 spell: Summon Small Mammal
  2513 | D:2      | Reached XP level 5. HP: 37/37 MP: 7/12
  2829 | D:2      | Killed Terence
  3549 | D:2      | HP: 1/37 [gnoll (1)]
  3550 | D:2      | Slain by a quokka

Skill      XL: |  1  2  3  4 |
---------------+-------------+-----
Spellcasting   | 5 |  5.2
Invocations    | 1 |  1.8
Fighting       | 1 |  1.6
Short Blades   | 1 |  1.6
Long Blades    | 1 |  1.6
Axes           | 1 |  1.6
Maces & Flails | 1 |  1.6
Polearms       | 1 |  1.6
Staves         | 1 |  1.6
Slings         | 1 |  1.6
Bows           | 1 |  1.6
Crossbows      | 1 |  1.6
Throwing       | 1 |  1.6
Armour         | 1 |  1.6
Shields        | 1 |  1.6
Unarmed Combat | 1 |  1.6
Evocations     | 1 |  1.6
Hexes          | 1 |  1.3
Charms         | 1 |  1.3
Summonings     | 1 |  1.3
Necromancy     | 1 |  1.3
Translocations | 1 |  1.3
Transmutations | 1 |  1.3
Fire Magic     | 1 |  1.3
Ice Magic      | 1 |  1.3
Air Magic      | 1 |  1.3
Earth Magic    | 1 |  1.3
Poison Magic   | 1 |  1.3
Dodging        | |  4.8
Stealth        | |  4.4
Conjurations   | |  7.2

Action                   |  1- 3 |  4- 6 || total
-------------------------+-------+-------++-------
Melee: Club              |     2 |     3 ||     5
       Bite              |     2 |     1 ||     3
 Cast: Magic Dart        |    51 |    76 ||   127
       Searing Ray       |     5 |     3 ||     8
       Summon Small Mamm |       |     5 ||     5
  Use: Scroll            |       |     1 ||     1
  Eat: Chunk             |     2 |     5 ||     7
Armor: Robe              |     1 |     9 ||    10
       Skin              |       |     2 ||     2
Dodge: Dodged            |    21 |    81 ||   102
